ITL
PORTLAND PRIVATEERS @ BLUEVILLE 83'S
06/23/2028
 
TOP OF THE 1ST
Portland Privateers batting - Pitching for Blueville 83's : LHP Jason Simpson
Pitching: LHP Jason Simpson
Batting: SHB Patrick Larson 0-0: SOLO HOME RUN (Flyball, 7D), Distance : 385 ft
Batting: RHB Joe Bailey 0-0: Swinging Strike
0-1: Foul Ball, location: 2F
0-2: Ball
1-2: Strikes out swinging
Batting: RHB José Balina 0-0: Ball
1-0: Ground out 5-3 (Groundball, 5)
Batting: SHB Eric Pimentel 0-0: Foul Ball, location: 2F
0-1: Foul Ball, location: 2F
0-2: Ball
1-2: Foul Ball, location: 2F
1-2: Ball
2-2: Foul Ball, location: 2F
2-2: Strikes out swinging
Top of the 1st over - 1 run(s), 1 hit(s), 0 error(s), 0 left on base; Portland 1 - Blueville 0
BOTTOM OF THE 1ST
Blueville 83's batting - Pitching for Portland Privateers : RHP Cade Baird
Pitching: RHP Cade Baird
Batting: SHB Bob Noble 0-0: Ball
1-0: Ball
2-0: Ground out 4-3 (Groundball, 4S)
Batting: RHB Rafael González 0-0: Ball
1-0: Swinging Strike
1-1: Ball
2-1: Ball
3-1: SINGLE (Line Drive, 6MD)
Batting: RHB Tae-kwon Kwon 0-0: Ball
1-0: Ball
2-0: Ball
3-0: Base on Balls
Rafael González to second
Batting: RHB Felipe Rivera 0-0: Foul Ball, location: 2F
0-1: Hit by Pitch
Rafael González to third
Tae-kwon Kwon to second
Batting: LHB Javier Espinoza 0-0: Swinging Strike
0-1: Called Strike
0-2: Ball
1-2: Strikes out swinging
Batting: RHB Jimmy Simon 0-0: Ball
1-0: Foul Ball, location: 2F
1-1: Ball
2-1: Foul Ball, location: 2F
2-2: Ground out 5-3 (Groundball, 56)
Bottom of the 1st over - 0 run(s), 1 hit(s), 0 error(s), 3 left on base; Portland 1 - Blueville 0
TOP OF THE 2ND
Portland Privateers batting - Pitching for Blueville 83's : LHP Jason Simpson
Batting: LHB Jeff Dorney 0-0: Ground out U3 (Groundball, 3)
Batting: RHB Luis Pineda 0-0: Called Strike
0-1: Ball
1-1: Called Strike
1-2: DOUBLE (Flyball, 89M)
Batting: RHB Dave Nelson 0-0: Swinging Strike
0-1: Ball
1-1: Called Strike
1-2: Strikes out swinging
Batting: LHB Pedro Padilla 0-0: Ball
1-0: Swinging Strike
1-1: Ball
2-1: Foul Ball, location: 2F
2-2: Strikes out swinging
Top of the 2nd over - 0 run(s), 1 hit(s), 0 error(s), 1 left on base; Portland 1 - Blueville 0
BOTTOM OF THE 2ND
Blueville 83's batting - Pitching for Portland Privateers : RHP Cade Baird
Batting: LHB António Glaviz 0-0: Ball
1-0: Ball
2-0: Foul Ball, location: 2F
2-1: SINGLE (Line Drive, 4D)
Batting: RHB Yoshihide Takahashi 0-0: Fly out, F8 (Flyball, 8LD)
Batting: LHB Vincente Sáenz 0-0: Ball
António Glaviz steals 2nd base
1-0: Foul Ball, location: 2F
1-1: Ball
2-1: SINGLE (Flyball, 78S)
António Glaviz to third
Runner from 3rd tries for Home, SAFE, no throw
Batting: SHB Bob Noble 0-0: Swinging Strike
0-1: Ball
1-1: SINGLE (Groundball, 4) (infield hit)
Vincente Sáenz to second
Batting: RHB Rafael González 0-0: Ball
1-0: DOUBLE (Line Drive, 78M)
Vincente Sáenz scores
Bob Noble to third
Runner from 3rd tries for Home, SAFE, no throw
Batting: RHB Tae-kwon Kwon 0-0: Ball
1-0: Ball
2-0: Ball
Passed Ball!
Rafael González to third
3-0: Base on Balls
Batting: RHB Felipe Rivera 0-0: Called Strike
0-1: Swinging Strike
0-2: Foul Ball, location: 2F
0-2: Foul Ball, location: 2F
0-2: Strikes out swinging
Batting: LHB Javier Espinoza 0-0: Ball
1-0: Ball
2-0: Foul Ball, location: 2F
2-1: 3-RUN HOME RUN (Flyball, 7D), Distance : 386 ft
Batting: RHB Jimmy Simon 0-0: Ground out 5-3 (Groundball, 56)
Bottom of the 2nd over - 6 run(s), 5 hit(s), 0 error(s), 0 left on base; Portland 1 - Blueville 6
TOP OF THE 3RD
Portland Privateers batting - Pitching for Blueville 83's : LHP Jason Simpson
Batting: LHB Dillon Beck 0-0: Foul Ball, location: 2F
0-1: Called Strike
0-2: TRIPLE (Line Drive, 7LS)
Batting: SHB Patrick Larson 0-0: Ball
1-0: Ball
2-0: Called Strike
2-1: Ground out 5-3 (Groundball, 56)
Dillon Beck scores
Batting: RHB Joe Bailey 0-0: Foul Ball, location: 2F
0-1: Called Strike
0-2: Ball
1-2: Hit by Pitch
Batting: RHB José Balina 0-0: Foul Ball, location: 2F
0-1: Swinging Strike
0-2: Ball
1-2: Fly out, F8 (Flyball, 8RS)
Batting: SHB Eric Pimentel 0-0: Called Strike
0-1: Ball
1-1: Ball
2-1: 2-RUN HOME RUN (Flyball, 7D), Distance : 385 ft
Batting: LHB Jeff Dorney 0-0: Ball
1-0: Ball
2-0: Swinging Strike
2-1: Swinging Strike
2-2: Strikes out swinging
Top of the 3rd over - 3 run(s), 2 hit(s), 0 error(s), 0 left on base; Portland 4 - Blueville 6
BOTTOM OF THE 3RD
Blueville 83's batting - Pitching for Portland Privateers : RHP Cade Baird
Batting: LHB António Glaviz 0-0: Foul Ball, location: 2F
0-1: Ball
1-1: DOUBLE (Line Drive, 78XD)
Pitching: RHP José García
Batting: RHB Yoshihide Takahashi 0-0: Foul Ball, location: 2F
0-1: Ball
1-1: Fly out, F7 (Flyball, 7D)
Runner from 2nd tags up, SAFE at 3rd, no throw
Batting: LHB Vincente Sáenz 0-0: Ball
1-0: Swinging Strike
1-1: Called Strike
1-2: Ball
2-2: Foul Ball, location: 2F
2-2: SINGLE (Line Drive, 8RS)
António Glaviz scores
Batting: SHB Bob Noble 0-0: Called Strike
0-1: Swinging Strike
0-2: Ball
1-2: Foul Ball, location: 2F
1-2: Ball
2-2: Ball
3-2: Strikes out swinging
Batting: RHB Rafael González 0-0: Ball
1-0: Ball
2-0: Ball
3-0: Base on Balls
Vincente Sáenz to second
Batting: RHB Tae-kwon Kwon 0-0: Called Strike
Error on foul ball, E5
0-2: Ground out 4-3 (Groundball, 4S)
Bottom of the 3rd over - 1 run(s), 2 hit(s), 1 error(s), 2 left on base; Portland 4 - Blueville 7
TOP OF THE 4TH
Portland Privateers batting - Pitching for Blueville 83's : LHP Jason Simpson
Batting: RHB Luis Pineda 0-0: Ball
1-0: Ball
2-0: Swinging Strike
2-1: Swinging Strike
2-2: Ball
3-2: Foul Ball, location: 2F
3-2: Foul Ball, location: 2F
3-2: Base on Balls
Batting: RHB Dave Nelson 0-0: Grounds into double play, 4-6-3 (Groundball, 4M)
Batting: LHB Pedro Padilla 0-0: Foul Ball, location: 2F
0-1: Ball
1-1: Called Strike
1-2: Ball
2-2: Strikes out swinging
Top of the 4th over - 0 run(s), 0 hit(s), 0 error(s), 0 left on base; Portland 4 - Blueville 7
BOTTOM OF THE 4TH
Blueville 83's batting - Pitching for Portland Privateers : RHP José García
Batting: RHB Felipe Rivera 0-0: Ball
1-0: SINGLE (Line Drive, 4D)
Batting: LHB Javier Espinoza 0-0: Swinging Strike
0-1: Called Strike
0-2: Ball
1-2: Foul Ball, location: 2F
1-2: Ball
2-2: SINGLE (Line Drive, 4MD)
Felipe Rivera to second
Batting: RHB Jimmy Simon 0-0: Ball
1-0: Called Strike
1-1: Fly out, F6 (Line Drive, 6M)
Batting: LHB António Glaviz 0-0: Ball
1-0: Ball
2-0: Foul Ball, location: 2F
2-1: Ball
3-1: SINGLE (Line Drive, 78S)
Felipe Rivera to third
Javier Espinoza to second
Batting: RHB Yoshihide Takahashi 0-0: Ball
1-0: Ball
2-0: GRAND SLAM HOME RUN (Flyball, 7LD), Distance : 351 ft
Pitching: RHP Alfonso Medina
Batting: LHB Vincente Sáenz 0-0: SINGLE (Flyball, 7S)
Batting: SHB Bob Noble 0-0: Fly out, F5 (Popup, 5L)
Batting: RHB Rafael González 0-0: Ball
1-0: Foul Ball, location: 2F
1-1: Fielders Choice at 2nd, 5-4 (Groundball, 5)
Bottom of the 4th over - 4 run(s), 5 hit(s), 0 error(s), 0 left on base; Portland 4 - Blueville 11
TOP OF THE 5TH
Portland Privateers batting - Pitching for Blueville 83's : LHP Jason Simpson
Batting: LHB Dillon Beck 0-0: Foul Ball, location: 2F
0-1: SINGLE (Line Drive, 89S)
Batting: SHB Patrick Larson 0-0: Ball
1-0: Swinging Strike
1-1: Foul Ball, location: 2F
1-2: Strikes out looking
Batting: RHB Joe Bailey 0-0: Ball
1-0: Grounds into double play, 4-6-3 (Groundball, 4)
Top of the 5th over - 0 run(s), 1 hit(s), 0 error(s), 0 left on base; Portland 4 - Blueville 11
BOTTOM OF THE 5TH
Blueville 83's batting - Pitching for Portland Privateers : RHP Alfonso Medina
Batting: RHB Tae-kwon Kwon 0-0: Ground out 5-3 (Groundball, 5L)
Batting: RHB Felipe Rivera 0-0: Called Strike
0-1: DOUBLE (Line Drive, 7LD)
Batting: LHB Javier Espinoza 0-0: SINGLE (Line Drive, 9S)
Felipe Rivera to third
Batting: RHB Jimmy Simon 0-0: Called Strike
0-1: Called Strike
0-2: Ball
1-2: Foul Ball, location: 2F
1-2: Foul Ball, location: 2F
1-2: Fly out, F8 (Flyball, 8RM)
Batting: LHB António Glaviz 0-0: Ground out 4-3 (Groundball, 34)
Bottom of the 5th over - 0 run(s), 2 hit(s), 0 error(s), 2 left on base; Portland 4 - Blueville 11
TOP OF THE 6TH
Portland Privateers batting - Pitching for Blueville 83's : LHP Jason Simpson
Batting: RHB José Balina 0-0: Called Strike
0-1: Ball
1-1: Ball
2-1: Swinging Strike
2-2: Ball
3-2: Foul Ball, location: 2F
3-2: SINGLE (Line Drive, 9S)
Batting: SHB Eric Pimentel 0-0: Ball
1-0: Ball
2-0: Ball
3-0: Base on Balls
José Balina to second
Pitching: RHP Roberto Ledesma
Batting: LHB Jeff Dorney 0-0: Ball
1-0: Fly out, F9 (Flyball, 9)
Batting: RHB Luis Pineda 0-0: Ball
1-0: Ball
2-0: Ball
3-0: Called Strike
3-1: Foul Ball, location: 2F
3-2: Fly out, F9 (Line Drive, 9)
Batting: RHB Dave Nelson 0-0: Foul Ball, location: 2F
0-1: Foul Ball, location: 2F
0-2: Strikes out looking
Top of the 6th over - 0 run(s), 1 hit(s), 0 error(s), 2 left on base; Portland 4 - Blueville 11
BOTTOM OF THE 6TH
Blueville 83's batting - Pitching for Portland Privateers : RHP Alfonso Medina
Batting: RHB Yoshihide Takahashi 0-0: Ball
1-0: SINGLE (Groundball, 6) (infield hit)
Batting: LHB Vincente Sáenz 0-0: Ball
1-0: Called Strike
1-1: DOUBLE (Line Drive, 78D)
Yoshihide Takahashi to third
Batting: SHB Bob Noble 0-0: Ball
1-0: Ball
2-0: Called Strike
2-1: Called Strike
2-2: Foul Ball, location: 2F
2-2: Foul Ball, location: 2F
2-2: Ball
3-2: Ground out 4-3 (Groundball, 4)
Yoshihide Takahashi scores
Vincente Sáenz to third
Batting: RHB Rafael González 0-0: Ball
1-0: Called Strike
1-1: Ground out 6-3 (Groundball, 6)
Vincente Sáenz scores
Batting: RHB Tae-kwon Kwon 0-0: SINGLE (Groundball, 56D)
Batting: RHB Felipe Rivera 0-0: Ball
1-0: Ball
2-0: SINGLE (Groundball, 6MD)
Tae-kwon Kwon to second
Batting: LHB Javier Espinoza 0-0: SINGLE (Flyball, 6MD)
Tae-kwon Kwon to third
Felipe Rivera to second
Batting: RHB Jimmy Simon 0-0: SINGLE (Line Drive, 7S)
Tae-kwon Kwon scores
Felipe Rivera to third
Javier Espinoza to second
Pitching: RHP Neal Dillard
Batting: LHB António Glaviz 0-0: Ball
1-0: Ball
2-0: Ball
3-0: Base on Balls
Felipe Rivera scores
Javier Espinoza to third
Jimmy Simon to second
Pinch Hitting: RHB Fernando Díaz 0-0: Called Strike
0-1: DOUBLE (Line Drive, 7LD)
Javier Espinoza scores
Jimmy Simon scores
António Glaviz to third
Batting: LHB Vincente Sáenz 0-0: Called Strike
0-1: Called Strike
0-2: Foul Ball, location: 2F
0-2: Foul Ball, location: 2F
0-2: Foul Ball, location: 2F
0-2: Ball
1-2: Ball
2-2: Foul Ball, location: 2F
2-2: Foul Ball, location: 2F
2-2: Ball
3-2: Base on Balls
Batting: SHB Bob Noble 0-0: Ball
1-0: Foul Ball, location: 2F
1-1: Ball
2-1: Ball
3-1: SINGLE (Groundball, 4MD)
António Glaviz scores
Fernando Díaz to third
Vincente Sáenz to second
Batting: RHB Rafael González 0-0: SINGLE (Groundball, 56S) (infield hit)
Fernando Díaz scores
Vincente Sáenz to third
Bob Noble to second
Batting: RHB Tae-kwon Kwon 0-0: Swinging Strike
0-1: Ball
1-1: Ball
2-1: Ball
3-1: Fly out, F9 (Flyball, 9S)
Bottom of the 6th over - 8 run(s), 9 hit(s), 0 error(s), 3 left on base; Portland 4 - Blueville 19
TOP OF THE 7TH
Portland Privateers batting - Pitching for Blueville 83's : RHP Roberto Ledesma
Now at 1B: Fernando Díaz
Batting: LHB Pedro Padilla 0-0: Called Strike
0-1: Foul Ball, location: 2F
0-2: Ball
1-2: Ball
2-2: Strikes out swinging
Pinch Hitting: RHB Edward Holloway 0-0: Ball
1-0: Called Strike
1-1: Called Strike
1-2: Ball
2-2: Strikes out looking
Batting: SHB Patrick Larson 0-0: Ground out 4-3 (Groundball, 4)
Top of the 7th over - 0 run(s), 0 hit(s), 0 error(s), 0 left on base; Portland 4 - Blueville 19
BOTTOM OF THE 7TH
Blueville 83's batting - Pitching for Portland Privateers : RHP Neal Dillard
Now in LF: Edward Holloway
Batting: RHB Felipe Rivera 0-0: Called Strike
0-1: Foul Ball, location: 2F
0-2: Ground out 5-3 (Groundball, 56)
Batting: LHB Javier Espinoza 0-0: Called Strike
0-1: Foul Ball, location: 2F
0-2: Ball
1-2: Ball
2-2: Foul Ball, location: 2F
2-2: Fly out, F9 (Flyball, 9)
Batting: RHB Jimmy Simon 0-0: Fly out, F9 (Flyball, 9)
Bottom of the 7th over - 0 run(s), 0 hit(s), 0 error(s), 0 left on base; Portland 4 - Blueville 19
TOP OF THE 8TH
Portland Privateers batting - Pitching for Blueville 83's : RHP Roberto Ledesma
Batting: RHB Joe Bailey 0-0: Called Strike
0-1: Foul Ball, location: 2F
0-2: Strikes out swinging
Batting: RHB José Balina 0-0: Foul Ball, location: 2F
0-1: Ball
1-1: Foul Ball, location: 2F
1-2: Ball
2-2: Strikes out swinging
Batting: SHB Eric Pimentel 0-0: Swinging Strike
0-1: Ball
1-1: Ball
2-1: Foul Ball, location: 2F
2-2: Strikes out looking
Top of the 8th over - 0 run(s), 0 hit(s), 0 error(s), 0 left on base; Portland 4 - Blueville 19
BOTTOM OF THE 8TH
Blueville 83's batting - Pitching for Portland Privateers : RHP Neal Dillard
Batting: LHB António Glaviz 0-0: Ball
1-0: Ball
2-0: Swinging Strike
2-1: Ball
3-1: Base on Balls
Batting: RHB Fernando Díaz 0-0: Ball
António Glaviz steals 2nd base
1-0: Called Strike
1-1: Ball
2-1: Foul Ball, location: 2F
2-2: Strikes out swinging, 2-3 out at first.
Batting: LHB Vincente Sáenz 0-0: Ball
1-0: Ball
2-0: Ball
3-0: Base on Balls
Pitching: RHP Carlos Molina
Batting: SHB Bob Noble 0-0: Foul Ball, location: 2F
0-1: Ground out U3 (Groundball, 34S)
António Glaviz to third
Vincente Sáenz to second
Pinch Hitting: LHB Ricardo Romero 0-0: Ball
1-0: Called Strike
1-1: Swinging Strike
1-2: Strikes out swinging
Bottom of the 8th over - 0 run(s), 0 hit(s), 0 error(s), 2 left on base; Portland 4 - Blueville 19
TOP OF THE 9TH
Portland Privateers batting - Pitching for Blueville 83's : RHP Roberto Ledesma
Now at 3B: Ricardo Romero
Batting: LHB Jeff Dorney 0-0: Swinging Strike
0-1: Called Strike
0-2: SINGLE (Groundball, 4MD)
Batting: RHB Luis Pineda 0-0: Called Strike
0-1: Swinging Strike
0-2: Grounds into double play, 3-6-3 (Groundball, 3)
Batting: RHB Dave Nelson 0-0: Ball
1-0: Ball
2-0: Foul Ball, location: 2F
2-1: Called Strike
2-2: Strikes out swinging
Top of the 9th over - 0 run(s), 1 hit(s), 0 error(s), 0 left on base; Portland 4 - Blueville 19
Tuesday, August 8th, 2017 - OOTP Baseball 17.12 Build 75